 Dungeon Crawl Stone Soup version 0.25.1-8-g42b30a86e7 (webtiles) character file.

Game seed: 17683621448372318656

53 JohnSpartan the Skirmisher (level 3, -1/34 HPs)
             Began as a Hill Orc Fighter on Dec 16, 2020.
             Slain by Natasha (7 damage)
             ... on level 2 of the Dungeon.
             The game lasted 00:05:15 (807 turns).

JohnSpartan the Skirmisher (Hill Orc Fighter)        Turns: 807, Time: 00:05:16

Health: -1/34      AC:  7    Str: 19    XL:     3   Next: 89%
Magic:  3/3        EV:  7    Int:  8    God:
Gold:   26         SH:  9    Dex: 10    Spells: 2/2 levels left

rFire    . . .     SeeInvis .   a - +0 flail
rCold    . . .     Gourm    .   c - +0 kite shield
rNeg     . . .     Faith    .   b - +0 scale mail
rPois    .         Spirit   .   (no helmet)
rElec    .         Reflect  .   (no cloak)
rCorr    .         Harm     .   (no gloves)
MR       .....                  (no boots)
Stlth    ..........             (no amulet)
HPRegen  0.11/turn              (no ring)
MPRegen  0.08/turn              (no ring)

@: slowed, very slow
A: no striking features
a: no special abilities


You were on level 2 of the Dungeon.
You were not hungry.

You visited 1 branch of the dungeon, and saw 2 of its levels.

You collected 26 gold pieces.

Inventory:

Hand Weapons
 a - a +0 flail (weapon)
 i - a +0 dagger
 k - a +0 dagger
 p - a +0 club
 q - a +0 hunting sling
Missiles
 e - 23 arrows
 l - 62 stones (quivered)
 u - 15 bolts
Armour
 b - a +0 scale mail (worn)
 c - a +0 kite shield (worn)
 v - a +0 ring mail
Jewellery
 g - an uncursed amulet of guardian spirit {unknown}
 m - an uncursed ring of flight {unknown}
 r - an uncursed ring of wizardry {unknown}
Scrolls
 h - 3 scrolls of teleportation {unknown}
 t - a scroll of identify {unknown}
Potions
 d - a potion of might
 n - 2 potions of mutation {unknown}
 o - a potion of flight {unknown}
 s - a potion of lignification {unknown}
Comestibles
 f - a ration
 j - a chunk of flesh


   Skills:
 + Level 4.4 Fighting
 + Level 2.5 Maces & Flails
 + Level 3.8 Armour
 + Level 0.2 Dodging
 + Level 3.8 Shields


You had 2 spell levels left.
You didn't know any spells.
Your spell library was empty.

Dungeon Overview and Level Annotations

Branches:
Dungeon (2/15)

Altars:

Annotations:
D:2 Natasha


Message History

You sock the giant cockroach!
You kill the giant cockroach!
You feel sick. You block the goblin's attack.
You sock the goblin!
You kill the goblin!
Natasha hisses.
Natasha claws you but does no damage.
The crimson imp blinks!
You feel sick.
The white imp disappears in a puff of smoke!
Natasha hisses.
Natasha howls an incantation.
You feel disoriented. Natasha claws you.
* * * LOW HITPOINT WARNING * * *
You block Natasha's attack. x2
You feel sick.
You are no longer poisoned.
You hit Natasha.
Natasha is moderately wounded.
Natasha claws you!
You die...

########.# ........##.# #
#.###############..#.# #
#.......รท..........#.##### #
#############............. #
#######...5h.55......###.#####
# ........#######.#..........#
# ................#...####.#.#
# .......5#######.#...#....#.#
# #.......# #.h@..#...#.####.#
# ####....# #5#####...#....#.#
# #####?.###.# #...####.#.# #
#[........l#####...####.#.## #
#..........#h5.............#
............#.###.#(####.#..#
####.#....#.#.# #.#......#..#
## #.#.##.#.#s###.#.######..#
.. ...........>##.### ####


You could see Natasha and a shadow imp (summoned).

Vanquished Creatures
  4 adders (D:2)
  2 dart slugs
  A giant cockroach (D:2)
  3 goblins
  2 hobgoblins
  A frilled lizard (D:1)
  4 rats
  2 fungi (D:1)
  A plant (D:1)
20 creatures vanquished.

Notes
Turn   | Place    | Note
-------+----------+-------------------------------------------
     0 | D:1      | JohnSpartan the Hill Orc Fighter began the quest for the
                  | Orb.
     0 | D:1      | Reached XP level 1. HP: 19/19 MP: 1/1
   163 | D:1      | Reached XP level 2. HP: 24/27 MP: 2/2
   238 | D:2      | Reached skill level 4 in Fighting
   351 | D:2      | Reached XP level 3. HP: 17/33 MP: 3/3
   740 | D:2      | Noticed Natasha
   807 | D:2      | Slain by Natasha

Illustrated notes

Levels and vault maps discovered:
D:1:      tarquinn_simple_flora_water_f, layout_loops_ring
D:2:      layout_basic, lemuel_round_altar, uniq_natasha,
          uniq_crazy_yiuf_cottage

Skill      XL: |  1  2 |
---------------+-------+-----
Fighting       | 4 |  4.4
Maces & Flails | |  2.5
Armour         | |  3.8
Dodging        | |  0.2
Shields        | |  3.8

Action                   || total
-------------------------++-------
Melee: Flail             ||   109
Armor: Scale mail        ||    38
Dodge: Dodged            ||    27
Block: Kite shield       ||    51
